 Dungeon Crawl Stone Soup version 0.30.1-11-g7821555f0a (webtiles) character file.

Game seed: 17015658773804343865

462 fireball365 the Chopper (level 7, -6/61 HPs)
             Began as a Hill Orc Fighter on Dec 2, 2023.
             Was an Initiate of Gozag.
             Killed by nerve-wracking pain
             ... invoked by an orc priest
              (12 damage)
             ... on level 5 of the Dungeon.
             The game lasted 00:07:10 (4076 turns).

fireball365 the Chopper (Hill Orc Fighter)          Turns: 4076, Time: 00:07:12

Health: -6/61      AC: 12    Str: 21    XL:     7   Next: 7%
Magic:  7/7        EV:  8    Int:  8    God:    Gozag
Gold:   206        SH:  9    Dex: 10    Spells: 6/6 levels left

rFire   . . .        a - +0 war axe
rCold   . . .        c - +0 buckler
rNeg    . . .        u - +0 chain mail
rPois   .            (no helmet)
rElec   .            (no cloak)
rCorr   +            r - +0 pair of gloves
SInv    .            g - +0 pair of boots
Will    .....        t - amulet of reflection Stlth
                     y - ring of resist corrosion
HPRegen 0.30/turn    (no ring)
MPRegen 0.10/turn

%: reflection
@: no status effects
A: no striking features
a: Renounce Religion, Convert to Beogh, Potion Petition, Call Merchant, Bribe
Branch


You were on level 5 of the Dungeon.
You worshipped Gozag.
Gozag was aware of your devotion.
You visited 2 branches of the dungeon, and saw 6 of its levels.

You collected 256 gold pieces.
You paid 50 gold pieces to Gozag.

Inventory:

Hand Weapons
 a - a +0 war axe (weapon)
Missiles
 s - a throwing net (quivered)
Armour
 b - a +0 scale mail
 c - a +0 buckler (worn)
 g - a +0 pair of boots (worn)
 r - a +0 pair of gloves (worn)
 u - a +0 chain mail (worn)
Jewellery
 t - an amulet of reflection (around neck)
 y - a ring of resist corrosion (left hand)
Scrolls
 e - 3 scrolls of immolation
 h - 2 scrolls of teleportation {unknown}
 i - a scroll of enchant armour {unknown}
 j - a scroll of fog {unknown}
 k - a scroll of torment {unknown}
 l - a scroll of vulnerability {unknown}
 n - a scroll of blinking {unknown}
 o - 4 scrolls of poison {unknown}
 q - a scroll of fear {unknown}
 v - a scroll of enchant weapon {unknown}
 x - a scroll of magic mapping {unknown}
 z - 2 scrolls of noise {unknown}
Potions
 d - a potion of might
 f - a potion of lignification
 m - 2 potions of curing
 p - 3 potions of brilliance
 w - 2 potions of heal wounds {unknown}


   Skills:
 + Level 5.0 Fighting
 + Level 6.8 Axes
 + Level 4.8 Armour
 + Level 1.0 Dodging
 + Level 0.1 Stealth
 + Level 4.2 Shields


You had 6 spell levels left.
You didn't know any spells.
Your spell library contained the following spells:

 Spells                   Type           Power      Damage    Failure   Level
 Cigotuvi's Dreadful Rot  Necr/Pois/Air  0%         N/A       99%         2
 Ensorcelled Hibernation  Hex/Ice        0%         N/A       99%         2
 Passwall                 Tmut/Erth      0%         N/A       99%         2
 Gell's Gravitas          Tloc           0%         N/A       100%        3
 Ignite Poison            Fire/Tmut/Pois 0%         N/A       100%        3
 Inner Flame              Hex/Fire       0%         N/A       100%        3
 Summon Guardian Golem    Hex/Summ       0%         N/A       100%        3
 Swiftness                Air            0%         N/A       100%        3
 Cause Fear               Hex            0%         N/A       100%        4
 Freezing Cloud           Conj/Ice/Air   0%         6-21      100%        5
 Yara's Violent Unravell  Hex/Tmut       0%         3d3       100%        5
 Enfeeble                 Hex            0%         N/A       100%        7
 Orb of Destruction       Conj           0%         9d5       100%        7
 Spellforged Servitor     Conj/Summ      0%         N/A       100%        7


Dungeon Overview and Level Annotations

Branches:
Dungeon (5/15)             Temple (1/1) D:4

Altars:
Ashenzari
Gozag
Kikubaaqudgha
Nemelex Xobeh
Okawaru
Qazlal
Sif Muna
Trog
Wu Jian
The Shining One

Annotations:
D:1 1 transporter


Message History

The orc priest is severely wounded.
You slash the orc!
You kill the orc!
The hound is no longer distracted by gold.
The orc is no longer distracted by gold.
An orc comes into view. It is wielding a +0 hand axe.
The orc is distracted by your dazzling golden aura.
The orc priest is distracted by your dazzling golden aura.
You barely miss the orc priest.
The orc priest is no longer distracted by gold.
The orc priest shouts!
The orc priest is severely wounded.
The orc shouts!
The orc is no longer distracted by gold.
The orc is distracted by your dazzling golden aura.
The orc priest hits you with a +0 hand axe.
* * * LOW HITPOINT WARNING * * *
The hound is distracted by your dazzling golden aura.
The orc shouts!
The hound barks!
You hit the orc priest but do no damage.
The orc priest is severely wounded.
The orc priest shouts, "Surrender to Beogh and we'll let you live!"
The hound is no longer distracted by gold.
The orc is no longer distracted by gold.
The orc priest is distracted by your dazzling golden aura.
The hound is distracted by your dazzling golden aura.
The hound barks!
The orc priest shouts!
You hit the orc priest but do no damage.
The orc priest is no longer distracted by gold.
The orc priest is severely wounded.
You hit the orc.
The orc is no longer distracted by gold.
The orc priest hits you but does no damage.
The orc hits you with a +0 dagger.
* * * LOW HITPOINT WARNING * * *
You block the orc's attack.
The orc priest calls down the wrath of Beogh upon you.
Pain shoots through your body!
You die...
Your body crumbles into a pile of gold.

#.....).#
###..
#.......##
#
##........#
#.........#
..#....$..#
.###......#
#......#
##.$.$.#
##$@o.#
##oo## #.##
h.# ...
.... ##..
....


You could see a hound, an orc priest and 2 orcs.

Vanquished Creatures
  Menkaure (D:4)
  An orc priest (D:5)
  A gnoll bouda (D:5)
  Natasha (D:3)
  8 gnolls
  6 adders
  2 worms
  4 dart slugs
  20 orcs
  9 endoplasms
  3 goblins
  4 hobgoblins
  7 jackals (D:1)
  2 kobolds (D:3)
  A quokka (D:1)
  8 ball pythons
  7 bats
  2 frilled lizards (D:1)
  3 rats
90 creatures vanquished.

Notes
Turn   | Place    | Note
-------+----------+-------------------------------------------
     0 | D:1      | fireball365 the Hill Orc Fighter began the quest for the
                  | Orb.
     0 | D:1      | Reached XP level 1. HP: 19/19 MP: 1/1
   124 | D:1      | Reached XP level 2. HP: 27/27 MP: 2/2
   224 | D:1      | Reached skill level 3 in Axes
   409 | D:1      | Reached XP level 3. HP: 27/33 MP: 3/3
   934 | D:2      | Found a shimmering blue altar of Sif Muna.
  1458 | D:3      | Reached skill level 4 in Axes
  1458 | D:3      | Reached XP level 4. HP: 40/40 MP: 4/4
  1515 | D:3      | Got Ymuat's Vademecum on Unstable Interference
  1693 | D:3      | Noticed Natasha
  1703 | D:3      | Killed Natasha
  1756 | D:3      | Reached XP level 5. HP: 29/46 MP: 5/5
  2836 | D:4      | Found a sparkling altar of Nemelex Xobeh.
  2894 | D:4      | Reached skill level 5 in Axes
  3005 | D:4      | Noticed Menkaure
  3015 | D:4      | Killed Menkaure
  3016 | D:4      | Reached skill level 1 in Dodging
  3016 | D:4      | Reached XP level 6. HP: 25/53 MP: 6/6
  3398 | D:4      | Found a staircase to the Ecumenical Temple.
  3407 | Temple   | Entered the Ecumenical Temple
  3413 | Temple   | Became a worshipper of Gozag Ym Sagoz the Greedy
  3497 | D:4      | Reached skill level 6 in Axes
  3560 | D:5      | Entered Level 5 of the Dungeon
  4019 | D:5      | Reached XP level 7. HP: 23/60 MP: 7/7
  4067 | D:5      | Reached skill level 5 in Fighting
  4068 | D:5      | HP: 2/61 [orc/+0 club (3)]
  4076 | D:5      | Killed from afar by an orc priest

Illustrated notes

Levels and vault maps discovered:
D:1:      spicycebolla_arrival_risky_transporter, layout_basic
D:2:      layout_loops_ring, basic_altar, chequers_hall_statues_wall_a
D:3:      layout_basic, uniq_natasha
D:4:      layout_loops_corners, mainiacjoe_overflow_alcove_2,
          nicolae_overflow_hidden_temple, minmay_temple_entry_poolview,
          uniq_menkaure
D:5:      layout_cave_pods, nicolae_dithmenos_through_a_glass_darkly
Temple:   eino_narrow_crystal_temple

Skill      XL: |  1  2  3  4  5  6  7 |
---------------+----------------------+-----
Axes           | 3 4 5 6 |  6.8
Fighting       | 4 5 |  5.0
Armour         | 4 |  4.8
Shields        | 4 |  4.2
Dodging        | 1 |  1.0
Stealth        | |  0.1

Action                     |  1- 3 |  4- 6 |  7- 9 || total
---------------------------+-------+-------+-------++-------
  Melee: War axe           |    87 |   133 |    31 ||   251
    Use: Scroll            |     2 |     2 |       ||     4
         Potion            |       |     1 |     2 ||     3
 Armour: Scale mail        |    67 |    32 |       ||    99
         Chain mail        |       |    24 |    13 ||    37
  Dodge: Dodged            |    77 |    49 |    10 ||   136
  Block: Buckler           |    41 |    50 |    25 ||   116
         Reflection        |       |     1 |     1 ||     2
